 Dungeon Crawl Stone Soup version 0.20-a0-577-g60d8699 (webtiles) character file.

43600 Heleg the Peltast (level 13, -9/117 HPs)
             Began as a Minotaur Fighter on Feb 6, 2017.
             Was the Champion of Okawaru.
             Mangled by a reaper
             ... wielding a +2 scythe of protection
              (31 damage)
             ... on level 6 of the Lair of Beasts.
             The game lasted 02:43:54 (19281 turns).

Heleg the Peltast (Minotaur Fighter)               Turns: 19281, Time: 02:43:54

Health: -9/117     AC: 24    Str: 31    XL:     13   Next: 91%
Magic:  12/12      EV: 11    Int:  3    God:    Okawaru [******]
Gold:   1097       SH: 18    Dex: 11    Spells: 12/12 levels left

rFire    . . .     SeeInvis .   e - +4 mace (protect)
rCold    + . .     Gourm    .   i - +0 chain mail
rNeg     . . .     Faith    .   c - +0 shield
rPois    .         Spirit   .   J - +2 hat "Popadd" {+Blink Int-2 Slay+5}
rElec    .         Reflect  +   (no cloak)
rCorr    .         Harm     .   B - +0 pair of gloves
MR       +....                  I - +0 pair of boots of Okawaru's Favour {rC+ Str+2}
Stlth    ..........             C - +3 amulet of reflection
Regen    0.3/turn               E - ring of protection from magic
                                t - +4 ring of strength

@: protection aura
A: retaliatory headbutt, horns 2
a: Heroism, Finesse, Renounce Religion, Evoke Blink


You were on level 6 of the Lair of Beasts.
You worshipped Okawaru.
Okawaru was exalted by your worship.
You were not hungry.

You visited 4 branches of the dungeon, and saw 18 of its levels.

You collected 1421 gold pieces.
You spent 324 gold pieces at shops.

Inventory:

Hand Weapons
 e - a +4 mace of protection (weapon)
 m - the +5 scimitar "Wovud" {antimagic, rC+ MR+ Int+3}
   (Okawaru gifted it to you on level 6 of the Lair of Beasts)

   It reduces the magical energy of the wielder, and disrupts the spells and
   magical abilities of those hit.
   Natural abilities and divine invocations are not affected.
   It affects your intelligence (+3).
   It protects you from cold.
   It affects your resistance to hostile enchantments.
 p - a cursed -2 whip
 r - a +1 hand crossbow of velocity
 F - a +0 quarterstaff of protection
Missiles
 v - 6 tomahawks of returning (quivered)
Armour
 a - the +2 robe of a sewer {Int-3 Dex+8 SInv, unknown}
   (Okawaru gifted it to you on level 6 of the Lair of Beasts)

   It affects your intelligence (-3).
   It affects your dexterity (+8).
   It lets you see invisible.
 c - a +0 shield (worn)
 i - a +0 chain mail (worn)
 B - a +0 pair of gloves (worn)
 H - the +1 ring mail "Huekhlovi" {Int+3}
   (You found it on level 1 of the Lair of Beasts)

   It affects your intelligence (+3).
 I - the +0 pair of boots of Okawaru's Favour (worn) {rC+ Str+2}
   (Okawaru gifted it to you on level 4 of the Lair of Beasts)

   It affects your strength (+2).
   It protects you from cold.
 J - the +2 hat "Popadd" (worn) {+Blink Int-2 Slay+5}
   (Okawaru gifted it to you on level 1 of the Lair of Beasts)

   It affects your intelligence (-2).
   It affects your accuracy and damage with ranged weapons and melee attacks
   (+5).
   It lets you blink.
Magical Staves
 L - an uncursed staff of poison {unknown}
Jewellery
 g - an uncursed ring of see invisible
 q - an uncursed ring of ice
 t - a +4 ring of strength (left hand)
 u - a +2 ring of slaying
 C - a +3 amulet of reflection (around neck)
 E - a ring of protection from magic (right hand)
 M - an uncursed ring of fire {unknown}
Wands
 b - a wand of acid (9/15)
 d - a wand of lightning (6/15)
 o - a wand of polymorph (20/24)
 w - a wand of enslavement (15/24)
 x - a wand of random effects (21/48)
 G - a wand of acid (12/15)
Scrolls
 k - 6 scrolls of teleportation
 n - 3 scrolls of amnesia
 s - 9 scrolls of remove curse
 y - 3 scrolls of recharging
 z - 5 scrolls of fear
 D - a scroll of fog
Potions
 h - a potion of curing
 K - a potion of might
Comestibles
 f - 5 bread rations
 j - 4 royal jellies
 l - 4 meat rations
 A - 8 fruits


   Skills:
 + Level 11.7 Fighting
 + Level 2.8 Long Blades
 + Level 14.4 Maces & Flails
 + Level 13.1 Armour
 + Level 5.0 Dodging
 * Level 5.0 Stealth
 + Level 15.6 Shields


You had 12 spell levels left.
You didn't know any spells.

Dungeon Overview and Level Annotations

Branches:
Dungeon (10/15)            Temple (1/1) D:7            Lair (6/6) D:10
  Swamp (0/4) Lair:3        Snake (0/4) Lair:4        Slime (0/5) Lair:5
   Hell (1/1)
    Orc: D:9-12         Dis: Hell:1         Geh: Hell:1         Coc: Hell:1
    Tar: Hell:1

Altars:
Ashenzari
Cheibriados
Dithmenos
Elyvilon
Fedhas
Gozag
Hepliaklqana
Kikubaaqudgha
Makhleb
Nemelex Xobeh
Okawaru
Qazlal
Ru
Sif Muna
Trog
Uskayaw
Vehumet
Xom
Yredelemnul
Zin
The Shining One
Jiyva

Shops:
D:5 =(%   D:6 !

Portals:
Hell: Lair:6

Annotations:
Lair:4 exclusion: oklob plant
Hell Geryon


Innate Abilities, Weirdness & Mutations

You reflexively headbutt those who attack you in melee.
You have a pair of horns on your head.


Message History

You block the reaper's attack.
You closely miss the reaper. Your headbutt misses the reaper.
The reaper is severely wounded.
The reaper hits you from afar with a vampiric scythe!
You sock the reaper! Your headbutt misses the reaper.
The reaper is severely wounded.
You block the skeletal warrior's attack. x2
The reaper closely misses you. You furiously retaliate!
You headbutt the reaper, but do no damage.
You sock the reaper!
The reaper is almost dead.
The skeletal warrior closely misses you.
You furiously retaliate!
You headbutt the skeletal warrior.
The reaper hits you from afar with a vampiric scythe!!
* * * LOW HITPOINT WARNING * * *
You hit the reaper but do no damage.
The reaper is almost dead.
The skeletal warrior closely misses you.
The reaper hits you with a scythe of protection!!
You die...

################
≈≈≈≈≈≈≈≈≈≈≈≈≈≈#
#########§≈§§§§§≈≈≈≈≈#
.....#....§≈§§≈≈§≈≈≈§#
8.8..#.....§..2§§≈≈§≈#
.#...)...._...zz@≈≈≈≈#
8)#..#.........2≈§≈≈≈#
.8...#........≈≈≈≈≈≈≈#
#.8..###############≈#
.8...'.............# #
.....#...8....8....#
######.............#
######''####### ♣
♣....♣


You could see 2 reapers and 2 skeletal warriors.

Vanquished Creatures
  Josephine (Lair:4)
  The ghost of edsrzf the Covert, a journeyman OpAs of Gozag (Lair:6)
  A hell beast (Lair:6)
  7 hydras
  A two-headed ogre (D:9)
  A fire crab (Lair:6)
  A wizard (Lair:6)
  3 elephants (Lair:5)
  A rust devil (Lair:6)
  7 black mambas
  13 spiny frogs
  2 orange demons (Lair:6)
  A kobold demonologist (D:9)
  4 rime drakes
  5 komodo dragons
  A hellwing (Lair:6)
  A red devil (Lair:6)
  2 ice devils (Lair:6)
  A hornet (D:9)
  14 blink frogs
  5 dream sheep (Lair:6)
  7 hippogriffs
  Sigmund (D:4)
  A wyvern (Lair:4)
  5 wraiths
  41 yaks
  5 basilisks
  Menkaure (D:6)
  3 swamp worms (Lair:2)
  15 water moccasins
  5 hell hounds (Lair:6)
  11 porcupines
  2 orc warriors (D:6)
  3 sky beasts
  3 phantoms
  A black bear (D:9)
  10 wolves
  3 ogres
  9 centaurs
  8 crocodiles
  A big kobold (D:7)
  20 bullfrogs
  A scorpion (D:9)
  21 killer bees
  6 howler monkeys
  2 electric eels (Lair:3)
  3 crimson imps
  A centaur zombie (D:5)
  8 orc priests
  2 bullfrog zombies
  7 hounds
  A bullfrog skeleton (D:5)
  2 jellies
  Ijyb (D:2)
  Terence (D:2)
  2 iguanas (D:4)
  8 orc wizards
  8 worker ants
  2 hound zombies
  3 hound skeletons
  A worker ant zombie (D:10)
  11 adders
  5 shadow imps (D:5)
  2 oozes
  18 worms
  2 dart slugs (D:1)
  4 leopard geckos
  34 orcs
  9 giant cockroaches
  7 goblins
  5 hobgoblins
  11 jackals
  24 kobolds
  7 quokkas
  3 ball pythons
  8 bats
  8 frilled lizards
  A jackal zombie (D:6)
  A leopard gecko skeleton (D:7)
  2 quokka zombies
  13 rats
  A butterfly (Lair:4)
  A fungus (Lair:6)
  2 plants (Lair:2)
487 creatures vanquished.

Vanquished Creatures (others)
  A centaur (Lair:3)
  9 fungi
  3 plants (Lair:6)
13 creatures vanquished.

Grand Total: 500 creatures vanquished

Notes
Turn   | Place    | Note
-------+----------+-------------------------------------------
     0 | D:1      | Heleg the Minotaur Fighter began the quest for the Orb.
     0 | D:1      | Reached XP level 1. HP: 19/19 MP: 0/0
    68 | D:1      | Reached XP level 2. HP: 18/27 MP: 1/1
   270 | D:1      | Reached skill level 4 in Shields
   503 | D:1      | Reached XP level 3. HP: 33/33 MP: 2/2
   892 | D:2      | Reached skill level 1 in Maces & Flails
   909 | D:2      | Noticed Terence
   921 | D:2      | Killed Terence
   921 | D:2      | Reached XP level 4. HP: 34/40 MP: 3/3
  1060 | D:2      | Noticed Ijyb
  1068 | D:2      | Reached skill level 1 in Dodging
  1085 | D:2      | Killed Ijyb
  1157 | D:2      | Found a glowing silver altar of Zin.
  1157 | D:2      | Found an ancient bone altar of Kikubaaqudgha.
  1163 | D:2      | Found a faded altar of an unknown god.
  1168 | D:2      | Found a snail-covered altar of Cheibriados.
  1170 | D:2      | Found a faded altar of an unknown god.
  1635 | D:3      | Reached XP level 5. HP: 45/46 MP: 4/4
  1995 | D:3      | Reached skill level 5 in Armour
  2202 | D:4      | Reached XP level 6. HP: 49/53 MP: 5/5
  2517 | D:4      | Reached skill level 5 in Shields
  2834 | D:4      | Reached XP level 7. HP: 57/60 MP: 6/6
  2848 | D:4      | Noticed Sigmund
  2866 | D:4      | Killed Sigmund
  2866 | D:4      | Reached skill level 5 in Fighting
  2866 | D:4      | Reached skill level 5 in Maces & Flails
  3082 | D:5      | Entered Level 5 of the Dungeon
  3123 | D:5      | Reached skill level 6 in Shields
  3155 | D:5      | Found a blossoming altar of Fedhas.
  3180 | D:5      | HP: 3/61 [centaur/arrow (8)]
  3181 | D:5      | HP: 1/61 [hound (3)]
  3599 | D:5      | Reached XP level 8. HP: 60/69 MP: 7/7
  3787 | D:5      | Found Gunoxef's Jewellery Emporium.
  3828 | D:5      | Found Feqesero's Weapon Boutique.
  3886 | D:5      | Bought a +4 ring of strength for 324 gold pieces
  3947 | D:5      | Found Hinnaema's Food Shop.
  3954 | D:5      | Reached skill level 7 in Shields
  4189 | D:6      | Found Ablur's Distillery.
  4298 | D:6      | Found a deep blue altar of Sif Muna.
  4534 | D:6      | Noticed Menkaure
  5227 | D:6      | Killed Menkaure
  5227 | D:6      | Reached skill level 8 in Shields
  5227 | D:6      | Reached XP level 9. HP: 24/75 MP: 8/8
  5497 | D:7      | Reached skill level 1 in Stealth
  5960 | D:7      | Found a staircase to the Ecumenical Temple.
  5969 | Temple   | Entered the Ecumenical Temple
  6207 | Temple   | Became a worshipper of Warmaster Okawaru
  6442 | D:7      | Reached skill level 9 in Shields
  6463 | D:7      | Reached * piety under Okawaru
  6530 | D:7      | Gained mutation: You are occasionally teleported next to monsters. [potion of mutation]
  6530 | D:7      | Gained mutation: You are partially covered in slimy green scales. (AC +2) [potion of mutation]
  6530 | D:7      | Gained mutation: Your spells are a little harder to cast, but a little more powerful. [potion of mutation]
  6701 | D:7      | Found a stormy altar of Qazlal.
  7214 | D:8      | Reached XP level 10. HP: 83/86 MP: 9/9
  7360 | D:8      | Found a shimmering altar of Xom.
  7658 | D:9      | Found a bloodstained altar of Trog.
  7658 | D:9      | Found a sparkling altar of Nemelex Xobeh.
  7658 | D:9      | Found a basalt altar of Yredelemnul.
  7658 | D:9      | Found a hide-covered altar of Uskayaw.
  7691 | D:9      | Noticed a sixfirhy
  7701 | D:9      | Noticed a smoke demon
  7702 | D:9      | Reached skill level 10 in Shields
  7792 | D:9      | Reached ** piety under Okawaru
  7990 | D:9      | Reached skill level 10 in Maces & Flails
  8391 | D:9      | Noticed a two-headed ogre
  8399 | D:9      | Killed a two-headed ogre
  8399 | D:9      | Reached *** piety under Okawaru
  8657 | D:10     | Entered Level 10 of the Dungeon
  8857 | D:10     | Reached skill level 11 in Shields
  8966 | D:10     | Reached **** piety under Okawaru
  9011 | D:10     | Got an iridescent trident
  9012 | D:10     | Identified the cursed +3 trident of Proximity {pierce, +Blink Int+9 Stlth-} (You found it on level 10 of the Dungeon)
  9587 | D:10     | Found a staircase to the Lair.
 10189 | D:10     | Reached XP level 11. HP: 94/94 MP: 10/10
 10348 | Lair:1   | Entered Level 1 of the Lair of Beasts
 10466 | Lair:1   | Reached skill level 10 in Armour
 10631 | Lair:1   | Got a warped ring mail
 10661 | Lair:1   | Reached ***** piety under Okawaru
 11001 | Lair:1   | Reached skill level 12 in Shields
 11375 | Lair:1   | Received a gift from Okawaru
 11378 | Lair:1   | Identified the +1 ring mail "Huekhlovi" {Int+3} (You found it on level 1 of the Lair of Beasts)
 11379 | Lair:1   | Got a shimmering hat {god gift}
 11380 | Lair:1   | Identified the +2 hat "Popadd" {+Blink Int-2 Slay+5} (Okawaru gifted it to you on level 1 of the Lair of Beasts)
 12968 | Lair:3   | Noticed a four-headed hydra
 12981 | Lair:3   | Killed a four-headed hydra
 13013 | Lair:3   | Reached XP level 12. HP: 97/105 MP: 11/11
 13147 | Lair:3   | Lost mutation: Your spells are a little harder to cast, but a little more powerful. [potion of cure mutation]
 13147 | Lair:3   | Lost mutation: You are occasionally teleported next to monsters. [potion of cure mutation]
 13147 | Lair:3   | Lost mutation: You are partially covered in slimy green scales. (AC +2) [potion of cure mutation]
 13301 | Lair:3   | Found a staircase to the Swamp.
 13483 | Lair:3   | Found an iron altar of Okawaru.
 13544 | Lair:3   | Reached skill level 13 in Shields
 13828 | Lair:4   | Received a gift from Okawaru
 13835 | Lair:4   | Got a pair of faintly humming boots {god gift}
 13840 | Lair:4   | Reached skill level 10 in Fighting
 13841 | Lair:4   | Identified the +0 pair of boots of Okawaru's Favour {rC+ Str+2} (Okawaru gifted it to you on level 4 of the Lair of Beasts)
 14041 | Lair:4   | Got an ichor-stained flail
 14272 | Lair:4   | Identified the cursed +1 flail "Genunk" {crush, *Drain MR+ Str+4} (You found it on level 4 of the Lair of Beasts)
 14368 | Lair:4   | Noticed Josephine
 14562 | Lair:4   | Killed Josephine
 14914 | Lair:4   | Found a staircase to the Snake Pit.
 15606 | Lair:5   | Found a blossoming altar of Fedhas.
 15664 | Lair:5   | Noticed a six-headed hydra
 15870 | Lair:5   | Found a staircase to the Slime Pits.
 15870 | Lair:5   | Found a viscous altar of Jiyva.
 16027 | Lair:5   | Killed a six-headed hydra
 16027 | Lair:5   | Reached skill level 14 in Shields
 16597 | Lair:6   | Entered Level 6 of the Lair of Beasts
 16625 | Lair:6   | Reached XP level 13. HP: 77/114 MP: 12/12
 16631 | Lair:6   | Received a gift from Okawaru
 16647 | Lair:6   | Got a faintly glowing scimitar {god gift}
 16648 | Lair:6   | Identified the +5 scimitar "Wovud" {antimagic, rC+ MR+ Int+3} (Okawaru gifted it to you on level 6 of the Lair of Beasts)
 16742 | Lair:6   | Noticed edsrzf's ghost (journeyman OpAs)
 16896 | Lair:6   | Killed edsrzf's ghost
 17303 | Lair:5   | Reached ****** piety under Okawaru
 17702 | Lair:6   | Received a gift from Okawaru
 17720 | Lair:6   | Got an ominously black robe {god gift}
 18155 | Lair:6   | Reached skill level 15 in Shields
 18442 | Lair:6   | Found a burning altar of Makhleb.
 18480 | Lair:6   | Reached skill level 5 in Dodging
 18815 | Lair:6   | Found a gateway to Hell.
 19054 | Hell     | Entered the Vestibule of Hell
 19054 | Hell     | Noticed Geryon
 19054 | Hell     | Noticed a green death
 19054 | Hell     | Noticed a reaper
 19054 | Hell     | Noticed a reaper
 19071 | Lair:6   | Reached skill level 5 in Stealth
 19281 | Lair:6   | Mangled by a reaper

Vault maps used:
D:1:      dpeg_arrival_pond
D:2:      chequers_temple_overflow_minitemple, first_bread,
          hangedman_abyss_or_decor_stabs, uniq_iyjb, uniq_terence
D:4:      minmay_opposing_rooms, gup_sewer_entry_bubbles, uniq_sigmund
D:5:      serial_shops, nicolae_shop_crystal, kennysheep_mini_moat, shop,
          minmay_strange_pillars, fedhas_bush_and_centaur_altar
D:6:      lemuel_blue_sif_altar, serial_shops, shop, uniq_menkaure
D:7:      lemuel_temple_firewalk_a, grunt_qazlal_sundering
D:8:      tgw_xom
D:9:      chequers_temple_overflow_statue_of_worship
D:10:     lair_entry_dummy
Temple:   minmay_temple_forest_path
Lair:1:   minivault_11, st_stairs_9, infiniplex_staircase_pool
Lair:2:   worms_lemuel, grunt_megastairs_5
Lair:3:   swamp_mist_pool, special_room, lemuel_centaur_altar,
          serial_bayou_shore_a, lemuel_fruit_tree
Lair:4:   dummy_snake_entry, st_stairs_7, minmay_lair_oklob_chamber,
          lemuel_fruit_fields, uniq_josephine
Lair:5:   slime_altar_1, basic_altar, minivault_27
Lair:6:   evil_forest, minivault_19, serial_bayou_shore_b, grunt_megastairs_1

Skill      XL: |  1  2  3  4  5  6  7  8  9 10 11 12 13 |
---------------+----------------------------------------+-----
Armour         | 4 5 6 7 8 9 11 12 13 | 13.1
Shields        | 4 5 6 8 9 11 12 14 15 | 15.6
Fighting       | 4 5 6 7 8 9 10 11 | 11.7
Maces & Flails | 1 2 3 4 6 8 9 11 12 14 | 14.4
Dodging        | 1 2 3 4 5 |  5.0
Stealth        | 1 2 5 |  5.0
Long Blades    | |  2.8

Action                   |  1- 3 |  4- 6 |  7- 9 | 10-12 | 13-15 || total
-------------------------+-------+-------+-------+-------+-------++-------
Melee: Mace              |    84 |   209 |   353 |   684 |   296 ||  1626
       Long sword        |     7 |       |       |       |       ||     7
       Headbutt          |    13 |    38 |    71 |   197 |   104 ||   423
       Flail             |       |       |       |    27 |       ||    27
  Use: Scroll            |     5 |     7 |    10 |    22 |     1 ||    45
       Potion            |     2 |     2 |     4 |     8 |     4 ||    20
  Eat: Meat ration       |     1 |       |       |     3 |       ||     4
       Royal jelly       |       |     2 |     2 |     2 |       ||     6
       Bread ration      |       |     1 |     1 |     3 |     1 ||     6
       Fruit             |       |       |       |     6 |     2 ||     8
Armor: Scale mail        |    52 |       |       |       |       ||    52
       Chain mail        |       |   149 |   179 |   310 |   102 ||   740
Dodge: Dodged            |    27 |    71 |    95 |   215 |    91 ||   499
Block: Shield            |    42 |   141 |   210 |   496 |   271 ||  1160
       Reflection        |       |       |       |    11 |     2 ||    13
